Map: Submarine LE

Players

Bones - Winner!

  • Race: Protoss Protoss
  • Spawn Location: 5:00

A.I. 1 (Very Easy)

  • Race: Terran Terran
  • Spawn Location: 11:00

VOD

Have the link to the VOD?

Description

This build is designed to be a catch-all economical PvT opening that defends almost all aggressive play. The idea is to get fast observers to scout what the Terran is doing while getting a fast third base. There will be an explosion of tech after dropping the third base, getting a robo bay, charge, +1, before going up to 8 gateways and 60 workers. Move out with 3 colo and a WP. Transition into storm and a 4th base during the attack.

Time

  • Played on: Jan. 4, 2021, 10:01 p.m.
  • Length: 8:29
Show
View Real Time Build Order
Export as new Build Order

Bones Protoss - Winner!

Build Orders: 1 Gate Expand, Colossus Rush 

Get SALT Encoding   

  12  0:00  Probe  
  13  0:13  Probe  
  14  0:19  Pylon  
  14  0:25  Probe  
  15  0:37  Probe (Chrono Boost)  
  15  0:38  Gateway  
  16  0:46  Probe (Chrono Boost)  
  16  0:47  Assimilator  
  17  0:52  Probe  
  18  1:04  Probe  
  19  1:16  Probe  
  20  1:25  Cybernetics Core  
  20  1:35  Nexus  
  20  1:38  Pylon  
  20  1:41  Probe  
  20  1:46  Assimilator  
  21  1:53  Probe  
  22  2:00  Adept (Chrono Boost)  
  22  2:04  Warp Gate  
  22  2:07  Probe (Chrono Boost)  
  26  2:16  Probe (Chrono Boost)  
  26  2:21  Probe (Chrono Boost)  
  26  2:22  Stalker  
  29  2:30  Gateway  
  29  2:35  Probe  
  30  2:38  Robotics Facility  
  30  2:49  Probe (Chrono Boost)  
  32  2:52  Probe (Chrono Boost)  
  32  2:53  Stalker  
  32  2:58  Probe (Chrono Boost)  
  35  3:02  Probe (Chrono Boost)  
  35  3:03  Probe (Chrono Boost)  
  37  3:13  Probe  
  37  3:15  Probe  
  37  3:17  Stalker  
  41  3:25  Pylon, Probe  
  41  3:26  Observer (Chrono Boost)  
  43  3:27  Probe  
  44  3:37  Pylon  
  44  3:38  Probe  
  44  3:39  Probe  
  46  3:41  Observer  
  47  3:50  Probe  
  47  3:54  Sentry  
  50  3:58  Stalker  
  50  3:59  Probe  
  50  4:02  Nexus, Probe  
  54  4:09  Pylon  
  54  4:11  Probe  
  54  4:14  Twilight Council  
  54  4:15  Probe  
  56  4:23  Probe  
  57  4:26  Assimilator  
  57  4:27  Probe  
  57  4:30  Assimilator  
  58  4:33  Shield Battery  
  58  4:35  Probe  
  59  4:39  Probe  
  59  4:45  Forge  
  60  4:46  Robotics Bay  
  60  4:47  Probe  
  60  4:49  Charge (Chrono Boost)  
  60  4:51  Probe  
  62  4:59  Probe  
  63  5:03  Probe  
  63  5:04  Pylon  
  64  5:09  Protoss Ground Armor Level 1 (Chrono Boost)  
  64  5:11  Probe  
  65  5:15  Probe  
  65  5:19  Gateway, Probe  
  65  5:20  Gateway  
  67  5:25  Probe  
  67  5:27  Probe  
  69  5:31  Colossus (Chrono Boost), Probe  
  76  5:37  Probe  
  76  5:38  Extended Thermal Lance  
  76  5:39  Probe  
  78  5:42  Pylon  
  78  5:45  Probe  
  78  5:49  Gateway  
  79  5:50  Gateway, Probe  
  79  5:54  Gateway  
  79  5:55  Gateway  
  80  5:59  Probe  
  80  6:00  Robotics Facility  
  82  6:05  Zealot x2  
  82  6:09  Probe  
  87  6:13  Colossus (Chrono Boost), Pylon  
  92  6:28  Zealot x2  
  92  6:29  Zealot x2  
  92  6:32  Pylon  
  100  6:34  Pylon  
  100  6:45  Pylon  
  100  6:47  Colossus (Chrono Boost)  
  100  6:49  Pylon  
  107  6:55  Zealot x3  
  107  6:58  Warp Prism (Chrono Boost)  
  107  7:00  Pylon, Zealot  
  115  7:03  Zealot x2  
  119  7:14  Zealot x2  
  123  7:28  Templar Archives  
  123  7:30  Assimilator  
  123  7:34  Assimilator  
  123  7:35  Pylon  
  123  7:43  Nexus  
  123  7:44  Zealot x6  
  123  7:46  Pylon  
  123  7:49  Pylon  
  135  7:57  Probe (Chrono Boost)  
  138  8:00  Probe x2 (Chrono Boost)  
  138  8:09  Zealot x5, Probe (Chrono Boost)  
  151  8:13  Probe (Chrono Boost)  
  151  8:14  Pylon, Probe (Chrono Boost)  
  151  8:17  Shield Battery  
  151  8:20  Zealot x2  
Show
View Real Time Build Order
Export as new Build Order

A.I. 1 (Very Easy) Terran 

Build Orders:  

Get SALT Encoding   

  12  0:00  SCV  
  13  0:13  SCV  
  14  0:18  Supply Depot  
  14  0:37  Refinery  
  14  0:42  Barracks  
  14  1:03  Supply Depot  
  14  1:12  Refinery  
  14  1:29  Marine  
  14  1:30  Orbital Command  
  15  1:48  Barracks Tech Lab  
  15  1:56  SCV  
  16  2:08  SCV  
  17  2:13  Marine  
  18  2:20  SCV  
  19  2:32  SCV  
  20  2:44  SCV  
  21  2:56  SCV  
  21  2:57  Marauder  
  24  6:32  SCV  
  25  6:33  Marine  
  25  6:34  Supply Depot  
  25  6:36  Factory  
  25  6:39  Command Center  
  26  6:44  SCV  
  27  6:56  SCV  
  27  6:58  Supply Depot  
  28  7:05  Marine  
  28  7:08  SCV  
  26  7:20  SCV  
  27  7:22  Starport  
  27  7:37  Marine  
  27  7:52  SCV  
  24  8:00  Starport Tech Lab  
  18  8:07  SCV  
Tags
 
Add a new tag
Caveats
  • Supply blocks, unpowered buildings, or Contaminate may cause inaccurate times.
  • Supply counts are checked every 10 seconds.